 Dungeon Crawl Stone Soup version 0.31.0-12-g77e489cdc1 (webtiles) character file.

Game seed: 2063788648782667236

12316 spaghetti the Summoner (level 11, -2/108 HPs)
             Began as a Tengu Chaos Knight on Mar 1, 2024.
             Was a Plaything of Xom.
             Slain by Sonja
             ... wielding a +2 dagger of distortion
              (9 damage)
             ... on level 11 of the Dungeon.
             The game lasted 00:13:40 (10654 turns).

spaghetti the Summoner (Tengu Chaos Knight)        Turns: 10654, Time: 00:13:41

Health: -2/108     AC: 25    Str: 14    XL:     11   Next: 91%
Magic:  12/14      EV:  2    Int: 18    God:    Xom [......]
Gold:   659        SH:  0    Dex: 17    Spells: 4/13 levels left

rFire   . . .        g - +2 short sword (speed)
rCold   . . .        (no shield)
rNeg    . . .        k - melded +2 scale mail of Vehuq {rElec Int+4}
rPois   +            w - melded +2 hat {Stlth+}
rElec   .            (cloak currently unavailable)
rCorr   .            (gloves currently unavailable)
SInv    .            (boots unavailable)
Will    .....        (no amulet)
Stlth   ++           d - +4 ring of slaying
HPRegen 0.38/turn    h - +6 ring of intelligence
MPRegen 0.14/turn

%: acrobat
@: tree-form
A: stationary, stasis, torment immunity, boosted hp, (beak), (talons 3), evasive
flight, acrobatic
a: Renounce Religion


You were on level 11 of the Dungeon.
You worshipped Xom.
You were a very special plaything of Xom.
You were a tree.
You visited 1 branch of the dungeon, and saw 11 of its levels.

You collected 769 gold pieces.
You spent 110 gold pieces at shops.

Inventory:

Hand Weapons
 g - a +2 short sword of speed (weapon)
Missiles
 n - a throwing net (quivered)
Armour
 a - a +2 leather armour
 k - the +2 scale mail of Vehuq (melded) {rElec Int+4}
   (You found it on level 4 of the Dungeon)

   Int+4:     It affects your intelligence (+4).
   rElec:     It insulates you from electricity.
 w - a +2 hat of stealth (melded)
Jewellery
 d - a +4 ring of slaying (left branch)
 f - a ring of willpower
 h - a +6 ring of intelligence (right branch)
 o - a +6 ring of strength
Wands
 e - a wand of paralysis (7)
 j - a wand of iceblast (22)
 p - a wand of flame (16)
 y - a wand of digging (1)
Scrolls
 l - 3 scrolls of poison
 m - 3 scrolls of immolation
 q - a scroll of fog
 t - a scroll of blinking
 x - a scroll of revelation
 A - a scroll of teleportation
 B - a scroll of fear
Potions
 b - a potion of berserk rage
 r - a potion of ambrosia
 s - 2 potions of curing
 u - 2 potions of brilliance
 v - 2 potions of enlightenment
Miscellaneous
 c - a phantom mirror (inert)


   Skills:
 + Level 10.1 Fighting
 - Level 10.0 Short Blades
 - Level 2.1 Armour
 - Level 1.1 Dodging
 - Level 3.8 Unarmed Combat
 + Level 1.6 Spellcasting
 + Level 10.8 Summonings
 + Level 9.3 Evocations


You had 4 spell levels left.
You knew the following spells:

 Your Spells              Type           Power      Damage    Failure   Level
a - Call Imp              Summ           80%        N/A       1%          2
b - Summon Hydra          Summ           20%        N/A       88%         7

Your spell library contained the following spells:

 Spells                   Type           Power      Damage    Failure   Level
 Freeze                   Ice            4%         1d3       19%         1
 Martyr's Knell           Necr/Summ      20%        N/A       21%         4
 Cigotuvi's Dreadful Rot  Necr/Alch/Air  2%         N/A       28%         2
 Lesser Beckoning         Tloc           2%         N/A       28%         2
 Mercury Vapours          Alch/Air       2%         N/A       28%         2
 Sublimation of Blood     Necr           1%         N/A       28%         2
 Dazzling Flash           Conj/Hex       2%         N/A       50%         3
 Frozen Ramparts          Ice            2%         1d1       50%         3
 Gell's Gravitas          Tloc           1%         N/A       50%         3
 Hailstorm                Conj/Ice       1%         3d5       50%         3
 Mephitic Cloud           Conj/Alch/Air  1%         N/A       50%         3
 Teleport Other           Tloc           1%         N/A       50%         3
 Tukima's Dance           Hex            1%         N/A       50%         3
 Dimensional Bullseye     Hex/Tloc       0%         N/A       88%         4
 Dispel Undead            Necr           1%         3d6       88%         4
 Ignite Poison            Fire/Alch      1%         N/A       88%         4
 Iskenderun's Mystic Bla  Conj/Tloc      1%         2d3       88%         4
 Sticky Flame             Fire/Alch      1%         2d4       88%         4
 Vhi's Electric Charge    Tloc/Air       2%         N/A       88%         4
 Arcjolt                  Conj/Air       0%         1d10      99%         5
 Curse of Agony           Necr           1%         N/A       99%         5
 Freezing Cloud           Conj/Ice/Air   0%         6-21      99%         5
 Silence                  Hex/Air        0%         N/A       99%         5
 Death Channel            Necr           0%         N/A       100%        6
 Plasma Beam              Fire/Air       0%         2x1d10    100%        6
 Ignition                 Fire           0%         3d3       100%        8


Dungeon Overview and Level Annotations

Branches:
Dungeon (11/15)            Temple (0/1) D:7            Lair (0/5) D:9
    Orc (0/2) D:10

Altars:
Cheibriados
Elyvilon
Gozag
Nemelex Xobeh
Okawaru
Qazlal
Sif Muna
Xom
Yredelemnul
Zin

Shops:
D:1 :   D:10 *

Annotations:
D:4 3 runed translucent doors
D:10 exclusion: obsidian statue
D:11 Sonja


Innate Abilities, Weirdness & Mutations

You are a tree.
Your roots penetrate the ground, keeping you stationary.
You cannot be teleported.
You are immune to unholy pain and torment.
Your maximum health is greatly increased.
Your equipment is partially melded.
((You have a beak for a mouth.))
((You have claws for feet.))
Your magical flight helps you evade attacks. (EV +4)
You can magically evade attacks while moving or waiting.


Message History

Aim: Sonja, wielding a +2 dagger of distortion and quivering curare-tipped darts You reflect Sonja with the mirror!
The mirror clouds!
The yak closely misses you.
Your cerulean imp hits the yak from afar with a +0 spear.
Unknown command.
Unknown command.
You hit the yak. Your kick misses the yak. You peck the yak.
The yak is moderately wounded.
The yak completely misses you. The yak barely misses you.
Your cerulean imp barely misses the yak.
Unknown command.
Unknown command.
You turn into a tree.
Your +2 hat of stealth melds into your body.
The +2 scale mail of Vehuq {rElec Int+4} melds into your body.
You feel less stealthy.
Your roots penetrate the ground.
You feel yourself speed up.
Sonja hits you with a +2 dagger of distortion.
* * * LOW HITPOINT WARNING * * *
Space warps horribly around you!
* * * LOW HITPOINT WARNING * * *
Sonja hits you but does no damage. Space warps horribly around you!
* * * LOW HITPOINT WARNING * * *
Xom is highly amused!
Sonja hits you but does no damage.
Sonja throws a curare-tipped dart.
The curare-tipped dart hits the yak.
The yak is poisoned.
The yak struggles to breathe.
The yak seems to slow down.
The yak gores you but does no damage. x2
Your cerulean imp barely misses the yak.
You feel better.
Sonja hits you with a +2 dagger of distortion.
* * * LOW HITPOINT WARNING * * *
Space warps around you.
* * * LOW HITPOINT WARNING * * *
Sonja hits you with a +2 dagger of distortion.
* * * LOW HITPOINT WARNING * * *
Space warps horribly around you!
You die...
Sonja says, "Show's over."
Xom chuckles heartily!

#.....# #.# ##>....### #.#
#. #........# #.# .o
#.##..###.##.# #o #.##.##
#.#.# #. ####.##.#
#...###### #o ##.##5##.##
##.#.......
#K##.#K#Y##..###.##.#####.
#§#o###.Y♣......###.#
#§Y## ##K##.##.## #.# #.##
##......# #.# .5.
#.##.#### #.# #### #. #.#
#.. #. #.# ... . ... ..


You could see 2 yaks, Sonja, the friendly Sonja (summoned, drained) and a
friendly cerulean imp (summoned).

Vanquished Creatures
  Gastronok (D:8)
  A two-headed ogre (D:8)
  A cyclops (D:9)
  An unseen horror (D:11)
  A troll (D:10)
  A hornet (D:7)
  2 wraiths
  A wyvern (D:7)
  2 steam dragons
  22 yaks
  Grum (D:8)
  Menkaure (D:4)
  A water moccasin (D:5)
  An acid dragon (D:9)
  4 orc warriors
  3 sky beasts
  2 black bears (D:7)
  An ice beast (D:6)
  An ogre (D:6)
  7 centaurs
  4 wolves
  2 phantoms
  2 kobold brigands
  3 bullfrogs
  5 scorpions
  2 gnoll sergeants
  A water moccasin zombie (D:4)
  3 wights
  5 electric eels
  2 hounds
  4 jellies
  3 bombardier beetles
  8 orc priests
  A gnoll bouda (D:6)
  3 sleepcaps
  7 iguanas
  8 orc wizards
  13 gnolls
  6 adders
  A shadow imp (D:6)
  2 white imps
  4 ufetubi
  An adder zombie (D:4)
  A ribbon worm (D:3)
  A dart slug (D:4)
  22 orcs
  7 ball pythons
  7 endoplasms
  A giant cockroach (D:1)
  6 goblins
  7 hobgoblins
  4 jackals (D:1)
  12 kobolds
  9 quokkas
  5 bats
  4 rats
231 creatures vanquished.

Vanquished Creatures (collateral kills)
  A wraith (D:8)
  A yak (D:10)
  A water moccasin (D:8)
  An orc warrior (D:10)
  A wolf (D:8)
  A phantom (D:6)
  A kobold brigand (D:6)
  A wight (D:8)
  A howler monkey (D:6)
  A hound (D:6)
  A gnoll (D:9)
  3 orcs
14 creatures vanquished.

Vanquished Creatures (others)
  The ghost of brilapsti the Slasher, an amateur DrMo (D:4)
1 creature vanquished.

Grand Total: 246 creatures vanquished

Notes
Turn   | Place    | Note
-------+----------+-------------------------------------------
     0 | D:1      | spaghetti the Tengu Chaos Knight began the quest for the
                  | Orb.
     0 | D:1      | Reached XP level 1. HP: 14/14 MP: 2/2
    52 | D:1      | XOM: silly message
   170 | D:1      | Reached XP level 2. HP: 19/19 MP: 3/3
   305 | D:1      | XOM: silly message
   477 | D:1      | Reached skill level 1 in Short Blades
   478 | D:1      | Reached XP level 3. HP: 21/23 MP: 4/4
   657 | D:1      | Found Ugabooc's Book Shoppe.
   769 | D:1      | XOM: noise
   902 | D:1      | XOM: divination: detect creatures
  1194 | D:2      | XOM: divination: magic mapping
  1326 | D:2      | XOM: divination: detect creatures
  1381 | D:2      | XOM: scenery: create altars
  1584 | D:2      | XOM: scenery: 1 doors open
  1787 | D:2      | XOM: confuse monster(s)
  1789 | D:2      | Reached XP level 4. HP: 28/28 MP: 5/5
  1978 | D:3      | Identified the +1 flail "Nysoohah" {holy, rN+ Will+}
  2015 | D:3      | You fall into a shaft and drop 2 floors!
  2015 | D:5      | Entered Level 5 of the Dungeon
  2026 | D:5      | XOM: god gift: Everburning Encyclopedia
  2113 | D:5      | Reached XP level 5. HP: 31/32 MP: 6/6
  2126 | D:5      | Noticed a yak
  2127 | D:5      | Noticed a yak
  2127 | D:5      | Noticed a yak
  2129 | D:5      | XOM: destruction
  2134 | D:5      | Killed a yak
  2135 | D:5      | Reached skill level 5 in Short Blades
  2135 | D:5      | Reached XP level 6. HP: 37/37 MP: 7/7
  2140 | D:5      | XOM: fog
  2142 | D:5      | XOM: scenery: summon butterflies
  2189 | D:5      | XOM: divination: detect creatures
  2329 | D:4      | XOM: god gift: 11 gold pieces
  2422 | D:4      | Noticed Menkaure
  2423 | D:4      | XOM: summons 2 friendly demons
  2425 | D:4      | Killed Menkaure
  2426 | D:4      | Gained mutation: Your magical flight helps you evade
                  | attacks. (EV +4) [Tengu growth]
  2426 | D:4      | Reached XP level 7. HP: 27/41 MP: 8/8
  2892 | D:4      | Found a runed translucent gate.
  2892 | D:4      | Found a runed translucent gate.
  2892 | D:4      | Found a runed translucent gate.
  2892 | D:4      | Noticed brilapsti's ghost (amateur DrMo)
  2895 | D:4      | Found a basalt altar of Yredelemnul.
  2901 | D:4      | XOM: scenery: 3 doors open
  2903 | D:4      | XOM: cleaving
  2910 | D:4      | Killed brilapsti's ghost
  2910 | D:4      | XOM: divine lightning
  2960 | D:4      | Identified the +2 scale mail of Vehuq {rElec Int+4}
  3435 | D:3      | XOM: god gift: phantom mirror
  3456 | D:3      | XOM: silly message
  3662 | D:5      | XOM: noise
  3664 | D:5      | XOM: silly message
  3668 | D:5      | Reached skill level 1 in Evocations
  3668 | D:5      | Reached XP level 8. HP: 40/48 MP: 9/9
  3741 | D:5      | XOM: noise
  3748 | D:5      | Learned a level 2 spell: Call Imp
  4016 | D:5      | Reached skill level 1 in Summonings
  4330 | D:5      | Killed a yak
  4336 | D:5      | Killed a yak
  4764 | D:6      | Reached skill level 5 in Fighting
  4764 | D:6      | Reached XP level 9. HP: 54/54 MP: 10/10
  4901 | D:6      | Reached skill level 10 in Short Blades
  4919 | D:6      | XOM: noise
  4938 | D:6      | XOM: swap monsters
  4944 | D:6      | XOM: silly message
  4973 | D:6      | HP: 2/54 [orc warrior/+0 war axe (5)]
  4987 | D:6      | XOM: summons friendly iron imp
  5006 | D:6      | Reached skill level 5 in Summonings
  5049 | D:6      | Reached skill level 5 in Evocations
  5245 | D:6      | Identified the +3 mace of Ru's Displeasure {antimagic,
                  | rPois rC+}
  5327 | D:6      | XOM: smoke on damage
  5640 | D:7      | XOM: blink monster(s)
  5641 | D:7      | XOM: blink monster(s)
  5779 | D:7      | Reached XP level 10. HP: 61/61 MP: 11/11
  5964 | D:7      | Found a staircase to the Ecumenical Temple.
  5992 | D:7      | XOM: swap monsters
  6032 | D:7      | XOM: enchant monster (good)
  6243 | D:7      | Found a snail-covered altar of Cheibriados.
  6243 | D:7      | XOM: 2-stop teleportation journey
  6901 | D:7      | XOM: enchant monster (good)
  7225 | D:8      | XOM: noise
  7229 | D:8      | Noticed Grum
  7243 | D:8      | Killed Grum
  7257 | D:8      | Found an iron altar of Okawaru.
  7425 | D:8      | Noticed a two-headed ogre
  7429 | D:8      | XOM: swap monsters
  7433 | D:8      | Killed a two-headed ogre
  7434 | D:8      | Reached XP level 11. HP: 69/69 MP: 12/12
  7543 | D:8      | XOM: god gift: scroll labelled XEENTARUERPH {god gift}
  7553 | D:8      | Noticed Gastronok
  7575 | D:8      | Killed Gastronok
  7675 | D:8      | Found a glowing silver altar of Zin.
  7691 | D:8      | Found an opulent altar of Gozag.
  7838 | D:9      | XOM: stealth player
  7912 | D:9      | XOM: potion effect (heal wounds)
  7925 | D:9      | XOM: confuse monster(s)
  8038 | D:9      | Found a staircase to the Lair.
  8055 | D:9      | XOM: cast spell 'Olgreb's Toxic Radiance'
  8063 | D:10     | Entered Level 10 of the Dungeon
  8064 | D:10     | XOM: cast spell 'Summon Dragon'
  8065 | D:10     | XOM: summons 4 hostile shadow creatures
  8092 | D:10     | XOM: silly message
  8288 | D:10     | XOM: swap monsters
  8297 | D:10     | Reached skill level 10 in Summonings
  8389 | D:10     | XOM: summons 1 hostile demon
  8527 | D:10     | Found Doschi's Assorted Antiques.
  8542 | D:10     | Found a staircase to the Orcish Mines.
  8547 | D:10     | Bought a scratched emerald ring for 110 gold pieces
  8557 | D:10     | Learned a level 7 spell: Summon Hydra
  8615 | D:10     | XOM: cast spell 'Animate Armour'
  8873 | D:9      | XOM: potion effect (haste)
  9130 | D:9      | XOM: cloud trail
  9235 | D:9      | Noticed a cyclops
  9246 | D:9      | Killed a cyclops
  9278 | D:9      | XOM: noise
  9708 | D:10     | Reached skill level 10 in Fighting
  9852 | D:10     | Noticed an obsidian statue
 10108 | D:10     | Found a stormy altar of Qazlal.
 10109 | D:10     | Found a shimmering blue altar of Sif Muna.
 10180 | D:10     | Found a sparkling altar of Nemelex Xobeh.
 10183 | D:10     | Found a white marble altar of Elyvilon.
 10511 | D:11     | Reached skill level 1 in Spellcasting
 10625 | D:11     | XOM: noise
 10627 | D:11     | XOM: cast spell 'Animate Armour'
 10634 | D:11     | Noticed Sonja
 10653 | D:11     | HP: 1/108 [Sonja/+2 dagger of distortion (15)]
 10654 | D:11     | Slain by Sonja

Illustrated notes

Levels and vault maps discovered:
D:1:      grunt_arrival_lava_bath, layout_basic, serial_bayou,
          serial_bayou_lake_a, serial_bayou_pond_c, serial_bayou_shore_b,
          serial_bayou_pond_e, serial_shops, shop
D:2:      layout_basic, st_stairs_13, kennysheep_generic_room_3
D:3:      layout_basic
D:4:      layout_loops_ring, nicolae_yredelemnul_ghost_church, uniq_menkaure
D:5:      layout_layer_cave, blue_anna_alchemist, minmay_misc_feat_roman
D:6:      minmay_opposing_rooms, layout_basic
D:7:      layout_basic, mainiacjoe_overflow_paths, temple_fountains,
          serial_bayou, serial_bayou_pond_a, serial_bayou_ford_a,
          serial_bayou_pond_b, serial_bayou_shore_b, serial_bayou_shore_b,
          serial_bayou_pond_b, minmay_increasing_density
D:8:      layout_cave_pools, pdpol_temple_overflow_zin_treasury_gozag_greed,
          mainiacjoe_overflow_boulevard, uniq_grum, uniq_gastronok
D:9:      layout_roguey, erik_lair_orcish_takeover
D:10:     statuecave_lemuel, layout_layer_cave, nicolae_overflow_squiral,
          mainiacjoe_overflow_divided_tiny, serial_shops,
          nicolae_shop_tiny_glass
D:11:     layout_loops_cross, uniq_erica, uniq_maurice, uniq_sonja

Skill      XL: |  1  2  3  4  5  6  7  8  9 10 11 |
---------------+----------------------------------+-----
Short Blades   | 1 2 4 5 7 9 10 | 10.0
Evocations     | 1 3 5 7 9 |  9.3
Fighting       | 5 6 8 10 | 10.1
Summonings     | 3 6 9 10 | 10.8
Spellcasting   | 1 |  1.6
Armour         | |  2.1
Dodging        | |  1.1
Unarmed Combat | |  3.8

Action                     |  1- 3 |  4- 6 |  7- 9 | 10-12 || total
---------------------------+-------+-------+-------+-------++-------
  Melee: Unarmed           |    21 |       |       |       ||    21
         Kick              |    13 |    16 |    81 |   175 ||   285
         Peck              |     8 |    14 |    47 |   107 ||   176
         Short sword       |    56 |    65 |   235 |   401 ||   757
         Punch             |     2 |     3 |    13 |    16 ||    34
   Cast: Call Imp          |       |       |       |    15 ||    15
  Evoke: Wand              |       |       |     3 |       ||     3
         Phantom mirror    |       |       |     1 |     1 ||     2
    Use: Potion            |     3 |     1 |     4 |     9 ||    17
         Scroll            |     3 |       |     9 |     5 ||    17
   Stab: Sleeping          |     2 |       |       |       ||     2
         Confused          |       |       |     1 |     2 ||     3
         Petrifying        |       |       |       |     1 ||     1
         Distracted        |       |       |       |     2 ||     2
 Armour: Leather armour    |    17 |    18 |     6 |       ||    41
         Scale mail        |       |       |    47 |   157 ||   204
         Skin              |       |       |     4 |     7 ||    11
  Dodge: Dodged            |    49 |    27 |   142 |   250 ||   468
